 Dungeon Crawl Stone Soup version 0.17-a0-1360-g37db002 (webtiles) character file.

452 ololoev the Cudgeler (level 7, -1/66 HPs)
             Began as an Ogre Hunter on June 11, 2015.
             Slain by Pikel
             ... wielding a +0 whip of freezing
              (3 damage)
             ... on level 3 of the Dungeon.
             The game lasted 00:16:24 (5842 turns).

ololoev the Cudgeler (Ogre Hunter)                  Turns: 5842, Time: 00:16:24

Health: -1/66      AC:  3    Str: 23    XL:     7   Next: 5%
Magic:  7/7        EV: 10    Int: 10    God:
Gold:   116        SH:  0    Dex: 10    Spells: 0 memorised, 6 levels left

rFire  . . .     SeeInvis .     z - +0 flail
rCold  . . .     Clarity  .     d - +0 robe
rNeg   . . .     SustAt   .     (no shield)
rPois  .         Gourm    .     (helmet restricted)
rElec  .         Spirit   .     (no cloak)
rCorr  .         Warding  .     (gloves unavailable)
rMut   .         Stasis   .     (boots unavailable)
MR     .....                    (no amulet)
Stlth  +.........               (no ring)
                                y - +3 ring of strength

@: about to teleport, not resistant to hostile enchantments, very unstealthy
A: unfitting armour, tough skin 1
a: no special abilities


Innate Abilities, Weirdness & Mutations

You are too large for most types of armour.
You have tough skin (AC +1).

Inventory:

Hand weapons
 f - a +1 spear of piercing
 u - a +1 scimitar of holy wrath
 v - a +0 blowgun
 z - a +0 flail (weapon)
Missiles
 b - 2 throwing nets
 w - 5 large rocks (quivered)
 x - 2 curare-tipped needles
Armour
 d - a +0 robe (worn)
Jewellery
 y - a +3 ring of strength (left hand)
Magical devices
 a - a wand of confusion (48)
Scrolls
 h - 2 scrolls of recharging
 k - a scroll of magic mapping {unknown}
 l - a scroll of amnesia {unknown}
 n - 2 scrolls of remove curse
 r - a scroll of fog {unknown}
 C - a scroll of enchant weapon {unknown}
Potions
 g - a potion of degeneration {unknown}
 j - a potion of flight {unknown}
 B - 2 potions of brilliance
Comestibles
 c - 6 fruits
 e - 2 bread rations
 o - 2 meat rations


   Skills:
 - Level 2.6 Fighting
 * Level 7.2 Maces & Flails
 + Level 6.4 Throwing
 - Level 1.7 Dodging
 - Level 0.7 Stealth


You had 6 spell levels left.
You didn't know any spells.


You were on level 3 of the Dungeon.
You were not hungry.

You visited 1 branch of the dungeon, and saw 4 of its levels.

You collected 116 gold pieces.

#.# #.# #.# #.# #.#
#.#
#.############.###.#
...............)>#.#
.....###.......#)#.#
...............#.#.#
.....###..)...##.#.#
.....# #......##K#.#
.....# #......##@#.#
.....# #########.#.#
.....# #.#.# ...###
#.#.# ##.# #p#.#
##.# #.#.#
##.######## #.#.#
##.#......# #.#.#
##.#......#
#.#.#########

Notes
Turn   | Place    | Note
--------------------------------------------------------------
     0 | D:1      | ololoev the Ogre Hunter began the quest for the Orb.
     0 | D:1      | Reached XP level 1. HP: 22/22 MP: 1/1
   155 | D:1      | Reached XP level 2. HP: 29/29 MP: 2/2
   312 | D:1      | Reached skill level 5 in Throwing
   615 | D:2      | Reached skill level 1 in Maces & Flails
   690 | D:2      | Reached XP level 3. HP: 32/36 MP: 3/3
  1455 | D:2      | Reached XP level 4. HP: 23/44 MP: 4/4
  2246 | D:3      | Found a faded altar to an unknown god.
  2256 | D:3      | Became a worshipper of Gozag Ym Sagoz the Greedy
  2269 | D:3      | Fell from the grace of Gozag
  2717 | D:3      | Noticed an ice beast
  2731 | D:3      | Killed an ice beast
  2731 | D:3      | Reached skill level 5 in Maces & Flails
  2731 | D:3      | Reached XP level 5. HP: 4/50 MP: 5/5
  3128 | D:3      | Was forgiven by Gozag
  3128 | D:3      | Reached skill level 6 in Throwing
  3128 | D:3      | Reached XP level 6. HP: 48/59 MP: 6/6
  3252 | D:3      | Became a worshipper of Gozag Ym Sagoz the Greedy
  3253 | D:3      | Fell from the grace of Gozag
  3276 | D:4      | Noticed Robin
  3324 | D:4      | Noticed Aiteri's ghost (average FoFi)
  4035 | D:4      | Noticed Blork the orc
  4063 | D:4      | Killed Blork the orc
  4779 | D:3      | Killed Robin
  4991 | D:4      | Reached skill level 7 in Maces & Flails
  5219 | D:3      | Reached XP level 7. HP: 30/66 MP: 7/7
  5473 | D:4      | Noticed Pikel
  5841 | D:3      | HP: 2/66 [Pikel/whip of freezing (2)]
  5842 | D:3      | Slain by Pikel

Dungeon Overview and Level Annotations

Branches:
Dungeon (4/15)
 Temple: D:4-7

Altars:

Annotations:
D:3 Pikel
D:4 Aiteri's ghost, average FoFi


Message History

Okay, then.
You thump Pikel!
Pikel is lightly wounded.
Pikel barely misses you.
You barely miss Pikel.
Pikel is lightly wounded.
Pikel hits you with a whip of freezing. Pikel freezes you.
You hit Pikel but do no damage.
Pikel is lightly wounded.
Drink which item? (? for menu, Esc to quit)
It was a potion of heal wounds.
You feel much better. Pikel hits you with a whip of freezing!
Pikel freezes you.
You hit Pikel.
Pikel is moderately wounded.
Pikel closely misses you.
You miss Pikel.
Pikel is moderately wounded.
Pikel hits you with a whip of freezing. Pikel freezes you.
You hit Pikel but do no damage.
Pikel is moderately wounded.
Pikel hits you with a whip of freezing. Pikel freezes you.
Drink which item? (? for menu, Esc to quit)
Gozag petitions for your drink to fail. Pikel hits you with a whip of freezing.
Pikel freezes you.
Drink which item? (? for menu, Esc to quit)
It was a potion of brilliance.
You feel clever all of a sudden.
The slave shouts!
Pikel hits you with a whip of freezing. Pikel freezes you.
Drink which item? (? for menu, Esc to quit)
It was a potion of cancellation.
Your magical effects are unravelling.
You feel magically purged.
You feel a little less clever now. Pikel waves a pair of manacles at you.
Pikel hits you with a whip of freezing. Pikel freezes you.
Read which item? (? for menu, Esc to quit)
As you read the scroll of teleportation, it crumbles to dust.
You feel strangely unstable. Pikel hits you with a whip of freezing.
You die...

You could see Pikel and a slave.

Vanquished Creatures
  An ice beast (D:3)
  Blork the orc (D:4)
  A hound (D:3)
  2 worker ants (D:4)
  An orc wizard (D:3)
  Robin (D:3)
  5 adders
  4 gnolls
  2 oozes
  A worm (D:3)
  2 giant geckos
  7 orcs
  4 bats
  12 goblins
  10 hobgoblins
  4 kobolds
  5 quokkas
  A ball python (D:3)
  3 giant cockroaches
  6 giant newts
  5 jackals (D:3)
  12 rats
90 creatures vanquished.

Action                   |  1- 3 |  4- 6 |  7- 9 || total
-------------------------+-------+-------+-------++-------
Melee: Spear             |    84 |   211 |    13 ||   308
       Short sword       |     2 |       |       ||     2
       Scimitar          |       |    17 |       ||    17
       Flail             |       |       |    10 ||    10
 Fire: Blowgun           |       |     2 |       ||     2
Throw: Large rock        |     2 |    10 |       ||    12
       Throwing net      |       |     1 |       ||     1
Invok: Renounce Religion |       |     2 |       ||     2
  Use: Scroll            |       |     3 |     4 ||     7
       Potion            |       |       |     4 ||     4
 Stab: Sleeping          |     4 |     1 |       ||     5
  Eat: Chunk             |     2 |     9 |     2 ||    13
       Fruit             |       |     1 |       ||     1
       Beef jerky        |       |     1 |       ||     1

Vault maps used:
D:1:      minmay_arrival_stone_box
D:2:      first_bread, minmay_misc_feat_four_crosses
D:3:      ecumenical_altar_1
D:4:      minmay_misc_feat_room, uniq_pikel, uniq_blork_the_orc,
          uniq_crazy_yiuf_cottage, uniq_robin
